 Dungeon Crawl Stone Soup version 0.22.0-18-ge075c0d (webtiles) character file.

13 Amnesiac the Gusty (level 2, 0/19 HPs)
             Began as a Mummy Air Elementalist on Aug 18, 2018.
             Slain by an adder (4 damage)
             ... on level 2 of the Dungeon.
             The game lasted 00:01:36 (361 turns).

Amnesiac the Gusty (Mummy Air Elementalist)          Turns: 361, Time: 00:01:37

Health: 0/19       AC:  2    Str: 11    XL:     2   Next: 24%
Magic:  0/5        EV: 12    Int: 14    God:
Gold:   57         SH:  0    Dex: 12    Spells: 3/6 levels left

rFire    x . .     SeeInvis .   (no weapon)
rCold    + . .     Gourm    .   (no shield)
rNeg     + + +     Faith    .   a - +0 robe
rPois    ∞         Spirit   .   (no helmet)
rElec    .         Reflect  .   (no cloak)
rCorr    .         Harm     .   (no gloves)
MR       .....                  (no boots)
Stlth    ++........             (no amulet)
HPRegen  0.06/turn              (no ring)
MPRegen  0.09/turn              (no ring)

@: very slightly contaminated
A: no food or potions, fire vulnerability, cold resistance 1, negative energy
resistance 3, torment resistance, unbreathing
a: no special abilities


You were on level 2 of the Dungeon.
You were not hungry.

You visited 1 branch of the dungeon, and saw 3 of its levels.

You collected 57 gold pieces.

Inventory:

Armour
 a - a +0 robe (worn)
Scrolls
 b - a scroll of noise {!r}
 c - a scroll of identify {!r}


   Skills:
 - Level 1.5 Dodging
 - Level 1.5 Stealth
 + Level 2.9 Spellcasting
 - Level 0.7 Conjurations
 * Level 3.0 Air Magic


You had 3 spell levels left.
You knew the following spells:

 Your Spells              Type           Power        Failure   Level  Hunger
a - Shock                 Conj/Air       #...         10%         1    N/A
z - Swiftness             Chrm/Air       #.......     19%         2    N/A

Your spell library contained the following spells:

 Spells                   Type           Power        Failure   Level  Hunger
 Static Discharge         Conj/Air       #.......     30%         3    N/A
 Airstrike                Air            ##........   54%         4    N/A
 Lightning Bolt           Conj/Air       #.........   95%         5    N/A

Dungeon Overview and Level Annotations

Branches:
Dungeon (3/15)

Altars:

Annotations:
D:2 Sigmund, Terence


Innate Abilities, Weirdness & Mutations

You do not eat or drink.
Your flesh is vulnerable to fire.
You are immune to poison.
Your flesh is cold resistant. (rC+)
You are immune to negative energy. (rN+++)
You are immune to unholy pain and torment.
You can survive without breathing.


Message History

The leopard gecko bites you.
* * * LOW HITPOINT WARNING * * *
Casting: Shock (safe; 11% risk of failure)
Confirm with . or Enter, or press ? or * to list all spells.
Aiming: Shock (safe; 11% risk of failure)
Press: ? - help, Shift-Dir - straight line The zap hits the leopard gecko.
The leopard gecko is severely wounded.
The zap hits the leopard gecko.
You kill the leopard gecko!
The zap hits the rat.
The rat is heavily wounded.
Casting: Shock (safe; 10% risk of failure)
Confirm with . or Enter, or press ? or * to list all spells.
Aiming: Shock (safe; 10% risk of failure)
Press: ? - help, Shift-Dir - straight line, f - rat
Aim: a rat (heavily wounded)
Okay, then.
Casting: Shock (safe; 10% risk of failure)
Confirm with . or Enter, or press ? or * to list all spells.
Aiming: Shock (safe; 10% risk of failure)
Press: ? - help, Shift-Dir - straight line The zap hits the rat.
You kill the rat!
Your Air Magic skill increases to level 3!
Unknown command.
An adder comes into view.
Found an escape hatch in the ceiling.
Found a stone staircase leading up.
Unknown command.
Unknown command.
A crimson imp comes into view.
The adder hisses angrily.
The hobgoblin hits you with a club.
* * * LOW HITPOINT WARNING * * *
You hit the hobgoblin.
The hobgoblin is severely wounded.
The hobgoblin misses you. The goblin hits you but does no damage.
The adder barely misses you. The adder bites you.
* * * LOW HITPOINT WARNING * * *
The adder barely misses you. The adder barely misses you.
Found a stone staircase leading down.
There is a stone staircase leading up here.
The adder bites you.
* * * LOW HITPOINT WARNING * * *
The goblin hits you but does no damage.
You climb upwards.
Level annotation: Sigmund, Terence
There is a stone staircase leading down here.
Casting: Shock (safe; 10% risk of failure)
Confirm with . or Enter, or press ? or * to list all spells.
Aiming: Shock (safe; 10% risk of failure)
Press: ? - help, Shift-Dir - straight line, f - goblin
Aim: a goblin, wielding a club The zap misses the goblin.
The adder completely misses you. The goblin hits you but does no damage.
Really read
c - 2 scrolls labeled WUED LOFFALL {!r}?
As you read the scroll labeled WUED LOFFALL {!r}, it crumbles to dust.
It is a scroll of identify.
b - a scroll of noise {!r} The adder bites you.
You die...

.. .##
... ..#
#.# #.#
#g# #@#
#S# #..
#...
#....
#.....
#......
........


You could see an adder and a goblin.

Vanquished Creatures
  A dart slug (D:1)
  A leopard gecko (D:3)
  A hobgoblin (D:1)
  2 jackals
  3 kobolds
  A frilled lizard (D:3)
  A rat (D:3)
10 creatures vanquished.

Notes
Turn   | Place    | Note
-------+----------+-------------------------------------------
     0 | D:1      | Amnesiac the Mummy Air Elementalist began the quest for the Orb.
     0 | D:1      | Reached XP level 1. HP: 13/13 MP: 4/4
   243 | D:1      | Reached XP level 2. HP: 18/19 MP: 1/5
   247 | D:1      | Learned a level 2 spell: Swiftness
   299 | D:2      | Noticed Terence
   299 | D:2      | Noticed Sigmund
   347 | D:3      | Reached skill level 3 in Air Magic
   350 | D:3      | Noticed a crimson imp
   361 | D:2      | Slain by an adder

Skill      XL: |  1  2 |
---------------+-------+-----
Air Magic      | 3 |  3.0
Dodging        | |  1.5
Stealth        | |  1.5
Spellcasting   | |  2.9
Conjurations   | |  0.7

Action                   || total
-------------------------++-------
Melee: Unarmed           ||     7
 Cast: Shock             ||    17
  Use: Scroll            ||     1
Armor: Robe              ||     8
Dodge: Dodged            ||    26
